 Dungeon Crawl Stone Soup version 0.22-a0-402-ga933591 (webtiles) character file.

3045 4thArraOfDagon the Magician (level 9, -5/57 HPs)
             Began as a Mummy Fire Elementalist on May 7, 2018.
             Was a Believer of Sif Muna.
             Shot with a sling bullet by Joseph (18 damage)
             ... on level 8 of the Dungeon.
             The game lasted 00:20:42 (6961 turns).

4thArraOfDagon the Magician (MuFE)                  Turns: 6961, Time: 00:20:42

Health: -5/57      AC:  7    Str: 11    XL:     9   Next: 56%
Magic:  43/43      EV: 12    Int: 17    God:    Sif Muna [**....]
Gold:   3          SH:  0    Dex: 13    Spells: 9/22 levels left

rFire    x . .     SeeInvis .   v - staff of power {!a}
rCold    + . .     Gourm    .   (no shield)
rNeg     + + +     Faith    .   a - +1 robe
rPois    ∞         Spirit   .   s - +1 helmet
rElec    .         Reflect  .   j - +0 cloak
rCorr    .         Harm     .   (no gloves)
MR       +....     Rnd*Tele +   k - +0 pair of boots
Stlth    ++........             u - amulet of inaccuracy (curse)
HPRegen  0.19/turn              e - ring of magical power
MPRegen  0.28/turn              t - ring of teleportation (curse)

@: divine energy
A: no food or potions, fire vulnerability, cold resistance 1, negative energy
resistance 3, torment resistance, unbreathing
a: Stop Divine Energy, Renounce Religion


You were on level 8 of the Dungeon.
You worshipped Sif Muna.
Sif Muna was pleased with you.
You were not hungry.

You visited 2 branches of the dungeon, and saw 9 of its levels.

You collected 341 gold pieces.
You spent 338 gold pieces at shops.

Inventory:

Hand Weapons
 c - a +0 short sword
 i - a +1 dagger of venom
 l - a +0 scythe
Missiles
 f - 2 throwing nets (quivered)
Armour
 a - a +1 robe (worn)
 j - a +0 cloak (worn)
 k - a +0 pair of boots (worn)
 s - a +1 helmet (worn)
Magical Staves
 v - an uncursed staff of power (weapon) {!a}
Jewellery
 e - a ring of magical power (left hand)
 o - an uncursed amulet of the acrobat
 t - a cursed ring of teleportation (right hand)
 u - a cursed amulet of inaccuracy (around neck)
Wands
 h - a wand of acid (3)
 n - a wand of polymorph (9)
Scrolls
 b - 2 scrolls of enchant armour
 d - 3 scrolls of amnesia
 g - 2 scrolls of identify
 m - 3 scrolls of immolation
 p - a scroll of blinking
 q - a scroll of teleportation
 r - a scroll of fog


   Skills:
 - Level 1.5 Dodging
 - Level 1.5 Stealth
 + Level 7.3 Spellcasting
 * Level 6.8 Conjurations
 * Level 7.2 Fire Magic
 + Level 3.1 Invocations


You had 9 spell levels left.
You knew the following spells:

 Your Spells              Type           Power        Failure   Level  Hunger
a - Flame Tongue          Conj/Fire      ####.        1%          1    N/A
b - Conjure Flame         Conj/Fire      ####....     1%          3    N/A
c - Sticky Flame          Conj/Fire      ####....     6%          4    N/A
d - Fireball              Conj/Fire      ####......   17%         5    N/A

Dungeon Overview and Level Annotations

Branches:
Dungeon (8/15)             Temple (1/1) D:7            Lair (0/6) D:8

Altars:
Ashenzari
Cheibriados
Dithmenos
Elyvilon
Fedhas
Gozag
Kikubaaqudgha
Makhleb
Ru
Sif Muna
Trog
Uskayaw
Vehumet
Wu Jian
Yredelemnul
Zin
The Shining One

Shops:
D:5 [%   D:7 *

Annotations:
D:8 Joseph


Innate Abilities, Weirdness & Mutations

You do not eat or drink.
Your flesh is vulnerable to fire.
You are immune to poison.
Your flesh is cold resistant. (rC+)
You are immune to negative energy. (rN+++)
You are immune to unholy pain and torment.
You can survive without breathing.


Message History

Your surroundings suddenly seem different.
Joseph, a Mercenary comes into view.
He is wielding a quarterstaff.
Joseph shouts!
Okay, then.
Casting: Flame Tongue (safe; 1% risk of failure)
Confirm with . or Enter, or press ? or * to list all spells.
Okay, then.
Throwing (i - inventory)
f - 3 throwing nets (quivered)
Press: ? - help, Shift-Dir - straight line, f - Joseph
Aim: Joseph, wielding a quarterstaff and wearing a runed leather armour You throw a throwing net.
The throwing net misses Joseph.
Joseph unwields an uncursed quarterstaff.
Joseph wields a hunting sling.
Joseph shoots a sling bullet.
The sling bullet hits you!!
* * * LOW HITPOINT WARNING * * *
Unknown command.
As you read the scroll of fog, it crumbles to dust.
The scroll dissolves into smoke.
Joseph shoots a sling bullet.
The sling bullet hits you!!
You die...

###...#....<...##.##
###...####......####[##
###...### ########
#..## ####...### ##..##
#....######## ##..####
...######...# #######
##..(.. .### #......#
#..§..## #.....# ##
##<.....# ##§§....##
*#.##... ## #.......#
#§@§.....# #..*##..
.####.......#
#§§§.....#*#.#* ###
...##......##
#..§......#..*
#.<.#.....##
##........#.#*
##......###
##........#* ###...##
##.......* ###..#**
*##.@...* ##...*
*#(..#* *#### *####


You could see Joseph.

Vanquished Creatures
  Prince Ribbit (D:6)
  Sigmund (D:6)
  A wyvern (D:8)
  Menkaure (D:4)
  Duvessa (D:6)
  3 porcupines (D:8)
  An ice beast (D:3)
  5 ogres
  A centaur (D:7)
  2 phantoms
  A bullfrog (D:8)
  A wyvern zombie (D:6)
  Dowan (D:6)
  3 wights (D:8)
  2 howler monkeys
  A crimson imp (D:7)
  A centaur zombie (D:5)
  2 hounds (D:6)
  2 jellies
  3 orc priests
  A bullfrog skeleton (D:6)
  2 centaur skeletons
  3 iguanas
  3 orc wizards
  3 worker ants
  2 worker ant zombies (D:6)
  3 gnolls
  11 adders
  2 shadow imps (D:5)
  An adder skeleton (D:4)
  2 worms
  A dart slug (D:4)
  7 leopard geckos
  25 orcs
  6 giant cockroaches
  7 goblins
  8 hobgoblins
  11 jackals
  3 quokkas
  2 ball pythons
  11 bats
  4 frilled lizards
  12 kobolds
  7 rats
171 creatures vanquished.

Notes
Turn   | Place    | Note
-------+----------+-------------------------------------------
     0 | D:1      | 4thArraOfDagon the Mummy Fire Elementalist began the quest for the Orb.
     0 | D:1      | Reached XP level 1. HP: 13/13 MP: 4/4
    24 | D:1      | Reached skill level 1 in Conjurations
   105 | D:1      | You fall through a shaft!
   119 | D:2      | Reached XP level 2. HP: 8/19 MP: 3/6
   178 | D:2      | Reached XP level 3. HP: 3/24 MP: 0/7
   247 | D:2      | Learned a level 3 spell: Conjure Flame
   655 | D:5      | Entered Level 5 of the Dungeon
   689 | D:6      | Noticed a phantom
   702 | D:5      | Reached XP level 4. HP: 7/30 MP: 9/9
   933 | D:6      | Noticed Prince Ribbit
   951 | D:5      | Noticed a phantom
   955 | D:5      | Learned a level 4 spell: Sticky Flame
  1001 | D:5      | Killed a phantom
  1001 | D:5      | Reached XP level 5. HP: 9/35 MP: 8/10
  1566 | D:4      | Noticed an ogre
  1595 | D:4      | Killed an ogre
  1595 | D:4      | Reached XP level 6. HP: 41/41 MP: 8/12
  1622 | D:4      | Learned a level 5 spell: Fireball
  2020 | D:6      | Reached XP level 7. HP: 24/46 MP: 12/14
  2135 | D:6      | Noticed Sigmund
  2147 | D:6      | Killed Sigmund
  2147 | D:6      | Reached skill level 5 in Spellcasting
  2147 | D:6      | Reached skill level 5 in Fire Magic
  2280 | D:6      | Found a burning altar of Makhleb.
  2319 | D:7      | Found Ikyxawk's Assorted Antiques.
  2324 | D:7      | Bought a scroll labeled HUSTEPT VAHE for 26 gold pieces
  2450 | D:7      | Reached XP level 8. HP: 31/52 MP: 16/16
  2517 | D:6      | Noticed Dowan
  2677 | D:7      | Reached skill level 5 in Conjurations
  2709 | D:7      | Found a staircase to the Ecumenical Temple.
  2718 | Temple   | Entered the Ecumenical Temple
  2733 | Temple   | Became a worshipper of Sif Muna the Loreminder
  2821 | D:7      | Found a shadowy altar of Dithmenos.
  2844 | D:6      | Killed Prince Ribbit
  2877 | D:6      | Found a bloodstained altar of Trog.
  2944 | D:6      | Reached skill level 1 in Invocations
  4294 | D:2      | Found a white marble altar of Elyvilon.
  4296 | D:2      | Found an ornate altar of the Wu Jian Council.
  4296 | D:2      | Found a sacrificial altar of Ru.
  4297 | D:2      | Found a burning altar of Makhleb.
  4729 | D:3      | Reached * piety under Sif Muna
  5125 | D:4      | Found a snail-covered altar of Cheibriados.
  5217 | D:4      | Noticed Menkaure
  5223 | D:4      | Killed Menkaure
  5573 | D:5      | Found Feaqoczy's Antique Armour Shop.
  5713 | D:5      | Reached XP level 9. HP: 53/57 MP: 18/18
  5737 | D:5      | Found Nutteib's Food Boutique.
  5745 | D:5      | p0werm0de: dawg we hav a new bot
  5892 | D:5      | Found a glowing silver altar of Zin.
  6057 | D:6      | Killed Dowan
  6060 | D:6      | p0werm0de: http://crawl.xtahua.com:8080/#watch-NormalPerson7
  6062 | D:6      | p0werm0de: beem clone xtahuarules
  6062 | D:6      | p0werm0de: >;
  6062 | D:6      | 4thArraOfDagon: !beem unsubscribe
  6062 | D:6      | beem: I'm a bot that sends commands to the DCSS IRC knowledge bots. For details, see https://github.com/gammafunk/beem/blob/master/docs/commands.md and to have me watch your games on this server, type: !subscribe
  6062 | D:6      | XtahuaRules: I don't have a page labeled beem_unsubscribe in my learndb.
  6062 | D:6      | 4thArraOfDagon: !subscribe
  6062 | D:6      | XtahuaRules: User 4thArraOfDagon is already subscribed
  6062 | D:6      | beem: User 4thArraOfDagon is already subscribed
  6062 | D:6      | 4thArraOfDagon: !unsubscribe
  6062 | D:6      | XtahuaRules: Unsubscribed. I will no longer watch games of user 4thArraOfDagon. Bye!
  6062 | D:6      | beem: Unsubscribed. I will no longer watch games of user 4thArraOfDagon. Bye!
  6109 | D:6      | Noticed Duvessa
  6119 | D:6      | Killed Duvessa
  6677 | D:7      | Bought a weird smoking staff for 312 gold pieces
  6798 | D:8      | Reached ** piety under Sif Muna
  6959 | D:8      | Noticed Joseph
  6961 | D:8      | Shot with a sling bullet by Joseph

Vault maps used:
D:1:      minmay_arrival_four_houses
D:2:      grunt_temple_overflow_open, first_ration
D:4:      kennysheep_slug_shrine, uniq_menkaure
D:5:      lemuel_coloured_pillars_altar, serial_shops,
          nicolae_shop_temple_entry_statues_fountains, nicolae_shop_crystal
D:6:      basic_altar, bloody_makhleb, uniq_duvessa, uniq_sigmund,
          uniq_prince_ribbit1
D:7:      lemuel_crystal_altar, minmay_temple_entry_glass, serial_shops,
          kennysheep_little_box
D:8:      grunt_lair_entry_orc_guard_hut, uniq_joseph
Temple:   eino_wide_crystal_templ

Skill      XL: |  1  2  3  4  5  6  7  8  9 |
---------------+----------------------------+-----
Conjurations   | 1 2 3 4 6 |  6.8
Spellcasting   | 3 4 5 6 7 |  7.3
Fire Magic     | 3 4 5 6 7 |  7.2
Invocations    | 2 3 |  3.1
Dodging        | |  1.5
Stealth        | |  1.5

Action                   |  1- 3 |  4- 6 |  7- 9 || total
-------------------------+-------+-------+-------++-------
Melee: Short sword       |    10 |    15 |     7 ||    32
       Dagger            |       |       |   175 ||   175
       Scythe            |       |       |    21 ||    21
Throw: Throwing net      |     1 |       |     1 ||     2
 Cast: Flame Tongue      |    45 |    77 |   121 ||   243
       Conjure Flame     |       |     8 |     9 ||    17
       Sticky Flame      |       |     1 |    38 ||    39
       Fireball          |       |       |     3 ||     3
Invok: Divine Energy     |       |       |     1 ||     1
Evoke: Wand              |     6 |     3 |     2 ||    11
  Use: Scroll            |     1 |     5 |    11 ||    17
 Stab: Paralysed         |     7 |       |       ||     7
       Sleeping          |       |       |     2 ||     2
Armor: Robe              |     9 |     1 |    77 ||    87
Dodge: Dodged            |    19 |    21 |   216 ||   256

Table legend:
 A = Spawn XP
 B = Non-spawn XP
 C = Spawn XP percentage of total XP
 D = Spawn monster count
 E = Non-spawn monster count
 F = Spawn count percentage of total count
 G = Total turns spent on level
                    A         B        C        D         E        F      G
               +---------+---------+-------+---------+---------+-------+---------
         Total |       0 |    4350 |   0.0 |       0 |     171 |   0.0 |  6961
               +---------+---------+-------+---------+---------+-------+---------
           D:1 |       0 |      40 |   0.0 |       0 |      25 |   0.0 |   790
           D:2 |       0 |      83 |   0.0 |       0 |      21 |   0.0 |  1028
           D:3 |       0 |     314 |   0.0 |       0 |      36 |   0.0 |   831
           D:4 |       0 |     528 |   0.0 |       0 |      22 |   0.0 |   877
           D:5 |       0 |     619 |   0.0 |       0 |      23 |   0.0 |  1411
           D:6 |       0 |    1208 |   0.0 |       0 |      18 |   0.0 |   825
           D:7 |       0 |     467 |   0.0 |       0 |      12 |   0.0 |   748
           D:8 |       0 |    1091 |   0.0 |       0 |      14 |   0.0 |   420
               +---------+---------+-------+---------+---------+-------+---------
